AoeStats
← {WaZzU'P} Recluta4!

Yucatan

503700381Analyzed
3v3 RM · 1mo ago on Sep 1, 2026· 48m 27s· 6 players
Game mode
Random Map
Map size
Normal (6 player)
Population
200
Speed
Normal
Resources
Standard
Victory
Conquest
Starting age
Dark Age
Ending age
Imperial Age
RankedLock teamsTeams togetherTeam positionsShared explorationLock speedFull tech treeHidden civsTurbo modeCheats
Victory
Defeat
🇺🇸 Hindustanis · United States
1162
+16
🇻🇪 Turks · Venezuela
1069
+20
🇨🇭 Japanese · Switzerland
1065
+20
🇨🇴 Mongols · Colombia
1180
-20
🇹🇷 Wei · Türkiye
1145
-18
🇺🇸 Burgundians · United States
1138
-18
SexyDaddy
9:24 Loom
12:32 Feudal Age
13:44 Double-Bit Axe
16:48 Castle Age
17:03 Horse Collar
18:55 Bow Saw
18:56 Gold Mining
19:41 Stone Mining
20:45 Wheelbarrow
21:19 Heavy Plow
24:10 Bloodlines
23:57 Town Watch
26:27 Husbandry
29:48 Scale Barding Armor
29:54 Forging
30:05 Fletching
33:08 Bodkin Arrow
33:14 Padded Archer Armor
34:00 Thumb Ring
34:49 Ballistics
35:37 Leather Archer Armor
38:22 Imperial Age
37:10 Chain Barding Armor
37:26 Iron Casting
40:13 Ming Guang Armor
40:09 Conscription
40:23 Parthian Tactics
40:02 Bracer
40:32 Ring Archer Armor
41:17 Gold Shaft Mining
42:33 Elite Tiger Cavalry
46:18 Blast Furnace
46:33 Scale Mail Armor
46:00 Pikeman
46:41 Squires
46:30 Halberdier
treetoptony
8:24 Loom
11:10 Feudal Age
15:18 Castle Age
13:23 Double-Bit Axe
13:29 Arson
13:37 Horse Collar
14:01 Scale Mail Armor
16:24 Squires
18:00 Wheelbarrow
18:25 Bow Saw
24:22 Elite Skirmisher
25:42 Chain Mail Armor
26:52 Scale Barding Armor
26:59 Forging
27:58 Cavalier
29:09 Chain Barding Armor
30:39 Hand Cart
30:10 Town Watch
32:53 Iron Casting
33:24 Husbandry
38:13 Imperial Age
Saul carvajal 9
1:35 Loom
10:23 Feudal Age
17:04 Castle Age
15:55 Double-Bit Axe
27:03 Wheelbarrow
26:24 Horse Collar
27:09 Town Watch
35:13 Imperial Age
32:59 Hand Cart
35:00 Ballistics
35:49 Husbandry
35:59 Bloodlines
36:01 Scale Barding Armor
37:43 Gold Mining
40:00 Conscription
39:10 Sappers
44:35 Capped Ram
46:22 Fletching
46:33 Padded Archer Armor
46:43 Forging
{WaZzU'P} GranPolo
2:45 Loom
10:02 Feudal Age
16:49 Fletching
22:26 Castle Age
22:30 Stone Mining
26:52 Forging
27:24 Scale Mail Armor
31:13 Chain Mail Armor
33:59 Iron Casting
34:33 Horse Collar
38:07 Gold Mining
39:56 Wheelbarrow
41:51 Double-Bit Axe
43:16 Bodkin Arrow
44:34 Bow Saw
44:27 Heavy Plow
44:31 Town Watch
46:16 Gold Shaft Mining
47:40 Hand Cart
47:54 Town Patrol
{WaZzU'P} Recluta4!
7:04 Loom
10:37 Feudal Age
14:19 Scale Barding Armor
18:34 Castle Age
18:14 Forging
18:19 Bloodlines
18:17 Horse Collar
18:23 Double-Bit Axe
19:45 Bow Saw
19:42 Heavy Plow
22:42 Light Cavalry
23:50 Town Watch
25:14 Wheelbarrow
25:59 Chain Barding Armor
25:53 Husbandry
26:58 Iron Casting
28:03 Hand Cart
27:46 Gold Mining
31:56 Gold Shaft Mining
31:14 Stone Mining
34:31 Imperial Age
35:59 Plate Barding Armor
34:45 Heavy Camel Rider
35:55 Fishing Lines
35:49 Hussar
41:31 Blast Furnace
41:22 Imperial Camel Rider
44:29 Two-Man Saw
44:35 Coinage
45:29 Conscription
48:52 Banking
49:02 Town Patrol
{WaZzU'P} Sr Gilmapi
4:55 Loom
10:51 Feudal Age
12:00 Double-Bit Axe
16:29 Forging
19:11 Castle Age
18:10 Bloodlines
18:45 Scale Barding Armor
19:17 Crossbowman
20:50 Fletching
27:54 Bodkin Arrow
30:23 Wheelbarrow
46:30 Imperial Age
46:31 Stone Mining
46:35 Gold Mining
Connection lost

Rejoining the realm…

Still unreachable

The connection could not be restored.

Session expired

The server has moved on; the page needs a fresh start.